Description

roach hydra lurker

Replay - B2GM - ZvZ - Platinum 3 - Game 4

Build Order

Get SALT Encoding   

  12  0:01  Drone  
  13  0:16  Overlord  
  13  0:19  Drone  
  14  0:34  Drone x2  
  16  0:51  Hatchery  
  16  0:54  Drone  
  16  1:00  Drone  
  17  1:10  Drone  
  18  1:17  Spawning Pool  
  17  1:19  Drone x2  
  19  1:33  Drone  
  19  1:39  Extractor  
  19  1:53  Overlord  
  20  2:08  Queen x2  
  20  2:11  Zergling x4  
  30  2:45  Lair  
  30  2:46  Queen  
  30  2:50  Overlord x2  
  37  3:17  Roach Warren  
  42  3:30  Extractor x2  
  42  3:32  Overlord  
  51  3:57  Glial Reconstitution  
  51  4:02  Evolution Chamber  
  50  4:12  Hatchery  
  49  4:23  Roach x5  
  59  4:41  Roach x4  
  59  4:45  Zerg Missile Weapons Level 1  
  75  5:12  Queen  
  76  5:20  Overseer  
  85  5:36  Extractor x2  
  83  5:56  Hydralisk Den  
  88  5:57  Evolution Chamber  
  88  5:59  Extractor  
  93  6:27  Hatchery  
  93  6:33  Roach  
  93  6:37  Grooved Spines, Zerg Ground Armor Level 1  
  105  6:41  Zerg Missile Weapons Level 2  
  105  7:02  Hydralisk x7  
  141  7:24  Overseer  
  142  7:31  Lurker Den  
  151  7:48  Muscular Augments  
  151  7:54  Hydralisk x3  
  200  8:28  Overseer x2  
  200  8:36  Infestation Pit  
  198  9:21  Spine Crawler x4  
  146  9:33  Spine Crawler x4  
  138  9:38  Lurker x2  
  138  9:44  Lurker  
  141  9:50  Lurker  
Spawning Tool Build Advisor. Get it on Overwolf

Go to:

Details

  • Created by: deathsbane  
  • Published on: Mar 07, 2020
  • Modified on: Mar 07, 2020
  • Patch: 4.11.0
Show
View Real Time Build Order
Export as new Build Order

Comments (0)

There are no comments. Be the first!

Create an account to comment!